 Dungeon Crawl Stone Soup version 0.20-b1-18-gaa2fd62 (webtiles) character file.

16 FakerFangirl the Skirmisher (level 2, -2/26 HPs)
             Began as a Draconian Fighter on May 25, 2017.
             Slain by an adder (3 damage)
             ... on level 2 of the Dungeon.
             The game lasted 00:00:49 (712 turns).

FakerFangirl the Skirmisher (Draconian Fighter)      Turns: 712, Time: 00:00:50

Health: -2/26      AC:  4    Str: 18    XL:     2   Next: 41%
Magic:  2/2        EV: 10    Int:  8    God:
Gold:   115        SH:  8    Dex: 10    Spells: 1/1 levels left

rFire    . . .     SeeInvis .   Y - +0 flail
rCold    . . .     Gourm    .   b - +0 shield
rNeg     . . .     Faith    .   (armour unavailable)
rPois    .         Spirit   .   (helmet restricted)
rElec    .         Reflect  .   (no cloak)
rCorr    .         Harm     .   (no gloves)
MR       .....                  (no boots)
Stlth    +.........             (no amulet)
Regen    0.1/turn               (no ring)
MPRegen  0.1/turn               (no ring)

@: lethally poisoned (-2 -> -8)
A: unfitting armour, cold-blooded, AC +4
a: no special abilities


You were on level 2 of the Dungeon.
You were not hungry.

You visited 1 branch of the dungeon, and saw 2 of its levels.

You collected 115 gold pieces.


Innate Abilities, Weirdness & Mutations

Your plain brown scales are hard. (AC +4)
You cannot fit into any form of body armour.
You are cold-blooded and may be slowed by cold attacks.


   Skills:
 - Level 3.2 Fighting
 + Level 3.1 Maces & Flails
 - Level 2.6 Dodging
 - Level 3.0 Shields


You had one spell level left.
You didn't know any spells.

Inventory:

Hand Weapons
 Y - a +0 flail (weapon)
Armour
 b - a +0 shield (worn)
 i - a +2 pair of gloves
Jewellery
 a - an uncursed ring of stealth {unknown}
Scrolls
 g - a scroll of remove curse
Potions
 c - 2 potions of might
 e - a potion of berserk rage {unknown}
Comestibles
 d - a bread ration
 f - 3 chunks of flesh
 h - a meat ration

Dungeon Overview and Level Annotations

Branches:
Dungeon (2/15)

Altars:
Kikubaaqudgha


Message History

You miss the adder.
Your tail-slap misses the adder.
The adder is moderately wounded.
You feel sick. You block the adder's attack. x2
Your shield prevents you from hitting the adder.
The adder is moderately wounded.
You feel sick. You block the adder's attack.
You closely miss the adder.
The adder is moderately wounded.
You feel sick. The adder bites you. The adder bites you but does no damage.
You barely miss the adder.
The adder is moderately wounded.
You feel sick. The adder completely misses you.
The adder bites you but does no damage.
You closely miss the adder.
The adder is moderately wounded.
You feel sick. You block the adder's attack. The adder closely misses you.
You closely miss the adder.
The adder is moderately wounded.
You feel sick. The adder bites you.
You die...

+#######.#.#
#..............#.##
##............%.#...
....................
#..................
#...............###
#...............#
#.S.............#
#.@.............###
#..................
#..................
#..................
#..................
#############'#....
#.#.... #.#....
#.#....


You could see an adder.

Vanquished Creatures
  A ball python (D:2)
  5 bats
  2 giant cockroaches (D:1)
  2 frilled lizards
  3 kobolds
  4 rats
17 creatures vanquished.

Notes
Turn   | Place    | Note
-------+----------+-------------------------------------------
     0 | D:1      | FakerFangirl the Draconian Fighter began the quest for the Orb.
     0 | D:1      | Reached XP level 1. HP: 19/19 MP: 1/1
     0 | D:1      | 0 ||| counter = 3
   281 | D:1      | Reached XP level 2. HP: 26/26 MP: 2/2
   446 | D:1      | 446 ||| READING scroll labeled SELISH TITU.
   447 | D:1      | 447 ||| READING scroll labeled MUPUZUVAZO.
   448 | D:1      | 448 ||| READING scroll labeled HODGHOT ZENISI.
   457 | D:2      | 457 ||| STAIRDANCE
   492 | D:2      | Found an ancient bone altar of Kikubaaqudgha.
   536 | D:2      | Reached skill level 3 in Maces & Flails
   709 | D:2      | HP: 4/26 [adder (4)]
   712 | D:2      | HP: 1/26 [poisoned by an adder]
   712 | D:2      | Slain by an adder

Vault maps used:
D:1:      saegor_arrival_simple_b, minmay_stone_trees_large,
          serial_bayou_ford_a, serial_bayou_pond_b, grunt_decor_fettered
D:2:      kiku_gazebo_garden_becter, first_bread

Skill      XL: |  1  2 |
---------------+-------+-----
Maces & Flails | 3 |  3.1
Fighting       | |  3.2
Dodging        | |  2.6
Shields        | |  3.0

Action                   || total
-------------------------++-------
Melee: Flail             ||    50
       Tailslap          ||     3
  Use: Scroll            ||     3
Armor: Skin              ||    12
Dodge: Dodged            ||    15
Block: Shield            ||    23
